 Dungeon Crawl Stone Soup version 0.24-a0-251-g44e327e (webtiles) character file.

Game seed: 12228737750311407258

3042 Ijustatesigmund the Cleaver (level 9, 0/64 HPs)
             Began as an Octopode Fighter on Apr 16, 2019.
             Slain by a polar bear (18 damage)
             ... on level 8 of the Dungeon.
             The game lasted 00:11:53 (7012 turns).

Ijustatesigmund the Cleaver (Octopode Fighter)      Turns: 7012, Time: 00:11:54

Health: 0/64       AC:  1    Str: 16    XL:     9   Next: 86%
Magic:  9/9        EV: 15    Int: 10    God:
Gold:   199        SH: 10    Dex: 14    Spells: 8/8 levels left

rFire    . . .     SeeInvis .   a - +3 war axe
rCold    . . .     Gourm    .   b - +0 shield
rNeg     . . .     Faith    .   (helmet restricted)
rPois    +         Spirit   .   (no amulet)
rElec    .         Reflect  .   (no ring)
rCorr    .         Harm     .   (no ring)
MR       .....                  (no ring)
Stlth    +++.......             (no ring)
HPRegen  0.20/turn              (no ring)
MPRegen  0.11/turn              (no ring)
                                (no ring)
                                (no ring)

@: no status effects
A: almost no armour, stealthy swim, amphibious, 8 rings, constrict 8, camouflage
1, blurry vision 1, poison resistance, gelatinous body 1
a: no special abilities


You were on level 8 of the Dungeon.
You were not hungry.

You visited 1 branch of the dungeon, and saw 7 of its levels.
You also visited: Ossuary.

You collected 199 gold pieces.

Inventory:

Hand Weapons
 a - a +3 war axe (weapon)
Armour
 b - a +0 shield (worn)
Jewellery
 h - an uncursed ring of protection from cold {unknown}
 s - an uncursed amulet of magic regeneration {unknown}
Wands
 e - a wand of random effects (18)
 f - a wand of flame (15)
 p - a wand of scattershot (5)
Scrolls
 g - a scroll of magic mapping
 j - 2 scrolls of identify
 q - a scroll of noise {unknown}
Potions
 c - a potion of might
 i - a potion of invisibility
 k - 2 potions of curing
 l - 2 potions of flight
 m - a potion of berserk rage
 n - 2 potions of ambrosia {unknown}
 o - a potion of cancellation {unknown}
Comestibles
 d - 9 rations
 r - 2 chunks of flesh


   Skills:
 + Level 7.5 Fighting
 + Level 8.6 Axes
 + Level 6.1 Dodging
 - Level 3.0 Stealth
 + Level 6.1 Shields


You had 8 spell levels left.
You didn't know any spells.
Your spell library contained the following spells:

 Spells                   Type           Power        Failure   Level  Hunger
 Magic Dart               Conj           #...         75%         1    ##.....


Dungeon Overview and Level Annotations

Branches:
Dungeon (8/15)
 Temple: D:4-7         Lair: D:8-11

Altars:
Kikubaaqudgha
Okawaru
Ru
Sif Muna
Vehumet


Innate Abilities, Weirdness & Mutations

You cannot wear most types of armour.
You are very stealthy in the water. (Stealth+)
You are amphibious.
You can wear up to eight rings at the same time.
You can use your tentacles to constrict eight enemies at once.
Your skin changes colour to match your surroundings (Stealth+).
Your rubbery body absorbs attacks. (AC +1, EV +1)
Scrolls take you a little longer to read.
Your system is resistant to poisons. (rPois)


Message History

You closely miss the polar bear. You block the polar bear's attack.
The polar bear closely misses you. The polar bear claws you.
The polar bear bites you! You block the polar bear's attack.
The polar bear claws you.
You are too injured to fight recklessly!
You are too injured to fight recklessly!
You are too injured to fight recklessly!
You are too injured to fight recklessly!
You are too injured to fight recklessly!
You are too injured to fight recklessly!
You are too injured to fight recklessly!
You hit the polar bear but do no damage.
The polar bear closely misses you. The polar bear claws you.
* * * LOW HITPOINT WARNING * * *
The polar bear barely misses you.
You hit the polar bear.
You squeeze the polar bear, but do no damage.
The polar bear is lightly wounded.
The polar bear bites you!!
You die...

. . .####. ≈≈.
......
≈..########.....#
.......(..)......
.........@h......
........(....>(.
##...†(........
#........##...
#...(....# .. ..
.......##.######
. ..........##.#
##.#.......##.#
#..#.......##.#
#.


You could see a polar bear.

Vanquished Creatures
  A polar bear (D:8)
  Eustachio (D:6)
  Duvessa (D:5)
  A black bear (D:7)
  An ice beast (D:6)
  3 sky beasts
  A centaur (D:8)
  An ogre (D:8)
  A crocodile (D:6)
  A big kobold (D:7)
  3 elf zombies (Ossuary)
  A bullfrog (D:7)
  Dowan (D:5)
  5 scorpions
  An electric eel (D:8)
  A howler monkey (D:5)
  4 bullfrog zombies
  4 crimson imps
  A quasit (D:6)
  3 centaur zombies (Ossuary)
  An orc priest (D:3)
  A jelly (D:6)
  Crazy Yiuf (D:5)
  A bullfrog skeleton (D:8)
  6 human zombies (Ossuary)
  2 iguanas (D:5)
  3 orc wizards
  2 worker ants (D:7)
  A killer bee zombie (D:8)
  3 mummies (Ossuary)
  3 gnolls (D:3)
  7 adders
  A shadow imp (D:6)
  3 white imps (D:8)
  2 oozes
  A worm (D:2)
  3 dart slugs
  6 leopard geckos
  17 orcs
  3 ball pythons
  5 giant cockroaches
  7 goblins
  5 hobgoblins
  8 jackals (D:3)
  17 kobolds
  7 bats
  3 frilled lizards
  A leopard gecko zombie (D:8)
  An orc zombie (D:5)
  16 rats
173 creatures vanquished.

Notes
Turn   | Place    | Note
-------+----------+-------------------------------------------
     0 | D:1      | Ijustatesigmund the Octopode Fighter began the quest for
                  | the Orb.
     0 | D:1      | Reached XP level 1. HP: 16/16 MP: 1/1
   126 | D:1      | Reached XP level 2. HP: 20/21 MP: 2/2
   594 | D:1      | Reached skill level 3 in Axes
   721 | D:1      | Reached XP level 3. HP: 26/26 MP: 3/3
  1080 | D:2      | Reached XP level 4. HP: 23/32 MP: 4/4
  1640 | D:3      | Reached skill level 4 in Axes
  1640 | D:3      | Reached XP level 5. HP: 26/37 MP: 5/5
  1763 | D:3      | Gained mutation: Scrolls take you a little longer to read.
                  | [potion of mutation]
  1763 | D:3      | Gained mutation: You evolve. [potion of mutation]
  1763 | D:3      | Gained mutation: Your system is resistant to poisons.
                  | (rPois) [potion of mutation]
  1929 | D:3      | Reached skill level 5 in Axes
  2104 | D:3      | Found an iron altar of Okawaru.
  2107 | D:3      | Reached XP level 6. HP: 44/44 MP: 6/6
  2287 | D:3      | You fall through a shaft for 3 floors!
  2505 | D:6      | Found a sacrificial altar of Ru.
  2539 | D:6      | Noticed Eustachio
  2622 | D:6      | Killed Eustachio
  2622 | D:6      | Reached skill level 5 in Fighting
  2622 | D:6      | Reached skill level 6 in Axes
  2622 | D:6      | Reached XP level 7. HP: 11/50 MP: 7/7
  3090 | D:5      | Entered Level 5 of the Dungeon
  3112 | D:5      | Noticed Duvessa
  3112 | D:5      | Noticed Dowan
  3133 | D:5      | Killed Duvessa
  3139 | D:5      | Killed Dowan
  3159 | D:5      | Found a sand-covered staircase.
  3172 | D:5      | Reached skill level 7 in Axes
  3172 | D:5      | Reached XP level 8. HP: 28/57 MP: 8/8
  3188 | Ossuary  | Entered an ossuary
  3195 | Ossuary  | Lost mutation: You evolve. [end of evolution]
  4411 | D:5      | Found a runed translucent door.
  4412 | D:5      | Noticed Crazy Yiuf
  4420 | D:5      | Killed Crazy Yiuf
  4492 | D:5      | Reached skill level 1 in Stealth
  4516 | D:5      | Reached XP level 9. HP: 17/63 MP: 9/9
  5144 | D:5      | Reached skill level 5 in Dodging
  5144 | D:5      | Reached skill level 5 in Shields
  5961 | D:6      | Reached skill level 8 in Axes
  6598 | D:7      | Found an ancient bone altar of Kikubaaqudgha.
  6598 | D:7      | Found a deep blue altar of Sif Muna.
  6603 | D:7      | Found a radiant altar of Vehumet.
  6609 | D:7      | Identified Vehumet's Disquisition on Attacks
  6796 | D:8      | Noticed a polar bear
  6807 | D:8      | Killed a polar bear
  7004 | D:8      | Noticed a polar bear
  7012 | D:8      | Slain by a polar bear

Levels and vault maps discovered:
D:1:      nicolae_arrival_somewhat_less_tricky_arrival, layout_loops_ring,
          ebering_dispersal_statue_hall, kennysheep_decorative_pillar,
          hex_large, minmay_domino_2
D:2:      layout_loops_cross, minmay_fountain_box, minmay_strange_pillars
D:3:      layout_basic, lemuel_coloured_pillars_altar,
          okawaru_ov_weapons_minmay, first_ration
D:5:      layout_loops_ring, enter_ossuary_3, chequers_serial_rivers_micro_c,
          grunt_decor_fettered, uniq_duvessa, uniq_crazy_yiuf_cottage
D:6:      layout_loops_corners, kennysheep_mini_moat, st_stairs_1,
          uniq_eustachio
D:7:      layout_loops_ring, grunt_temple_overflow_magic_moments
D:8:      layout_basic, grunt_lair_entry_orc_guard_hut, serial_ice,
          serial_ice_n, serial_ice_d, serial_ice_e, serial_ice_a, serial_ice_c,
          serial_ice_i, serial_ice_f, serial_ice_m, serial_ice_h, serial_ice_g,
          grunt_ogre_cave
Ossuary:  ossuary_minmay_four_chambers

Skill      XL: |  1  2  3  4  5  6  7  8  9 |
---------------+----------------------------+-----
Axes           | 3 4 5 6 7 8 |  8.6
Fighting       | 4 5 6 7 |  7.5
Dodging        | 4 6 |  6.1
Shields        | 4 6 |  6.1
Stealth        | 1 3 |  3.0

Action                   |  1- 3 |  4- 6 |  7- 9 || total
-------------------------+-------+-------+-------++-------
Melee: War axe           |    54 |   105 |   223 ||   382
       Constrict         |    16 |    30 |    43 ||    89
       Tentacles         |    11 |    15 |    55 ||    81
  Use: Scroll            |       |     5 |     6 ||    11
       Potion            |       |     1 |     7 ||     8
 Stab: Sleeping          |     6 |     8 |     5 ||    19
       Invisible         |       |       |     2 ||     2
  Eat: Chunk             |       |     5 |     4 ||     9
       Ration            |       |       |     3 ||     3
Armor: Skin              |     5 |     1 |     9 ||    15
Dodge: Dodged            |    29 |    37 |   115 ||   181
Block: Shield            |    22 |    50 |   102 ||   174

Table legend:
 A = Non-vault XP
 B = Vault XP
 C = Vault XP percentage of total XP
 D = Non-vault monster count
 E = Vault monster count
 F = Vault count percentage of total count
                 A         B        C        D         E       F
            +---------+---------+-------+---------+---------+-------
      Total |    2798 |    1549 |  35.6 |     147 |      26 |  15.0
            +---------+---------+-------+---------+---------+-------
        D:1 |      41 |       2 |   4.7 |      25 |       1 |   3.8
        D:2 |      71 |       0 |   0.0 |      25 |       0 |   0.0
        D:3 |     269 |       0 |   0.0 |      44 |       0 |   0.0
        D:5 |     617 |     259 |  29.6 |      12 |       4 |  25.0
        D:6 |     772 |     214 |  21.7 |      19 |       2 |   9.5
        D:7 |     525 |       0 |   0.0 |      14 |       0 |   0.0
        D:8 |     503 |     327 |  39.4 |       8 |       4 |  33.3
    Ossuary |       0 |     747 | 100.0 |       0 |      15 | 100.0
            +---------+---------+-------+---------+---------+-------
